 Dungeon Crawl Stone Soup version 0.29-a0-866-g0545e20025 (webtiles) character file.

Game seed: 5296208269573042046

46427 Ge0ff the Covert (level 14, -8/68 HPs)
             Began as a Spriggan Wanderer on July 17, 2022.
             Was a High Priest of Dithmenos.
             Mangled by a death yak (21 damage)
             ... on level 6 of the Lair of Beasts.
             The game lasted 01:03:00 (20979 turns).

Ge0ff the Covert (Spriggan Wanderer)               Turns: 20979, Time: 01:03:01

Health: -8/68      AC:  7    Str:  5    XL:     14   Next: 4%
Magic:  28/28      EV: 18    Int: 16    God:    Dithmenos [*****.]
Gold:   1440       SH: 11    Dex: 15    Spells: 20/32 levels left

rFire   . . .      SeeInvis +   a - +7 quick blade
rCold   + + .      Faith    .   I - +0 buckler
rNeg    . . .      Spirit   .   O - +0 troll leather armour
rPois   +          Reflect  +   D - +1 hat
rElec   .          Harm     .   Q - +1 cloak
rCorr   .          Rampage  .   (gloves unavailable)
Will    ++...                   (boots unavailable)
Stlth   +++++++++.              y - amulet of reflection
HPRegen 1.01/turn               v - ring of ice
MPRegen 0.21/turn               k - ring of Nishen {rPois rF+ rC+ Dex-5 SInv, =R}

@: wreathed by umbra, very quick
A: very small, no large weapons, unfitting armour, see invisible, speed 3
a: Renounce Religion, Shadow Step, Shadow Form


You were on level 6 of the Lair of Beasts.
You worshipped Dithmenos.
Dithmenos was extremely pleased with you.
You visited 3 branches of the dungeon, and saw 18 of its levels.
You also visited: Bailey.

You collected 1751 gold pieces.
You spent 311 gold pieces at shops.

Inventory:

Hand Weapons
 a - a +7 quick blade (weapon)
 b - a +2 short sword of venom
 h - a +1 dagger of draining
 n - a +2 short sword of speed
 A - a +3 dagger
Missiles
 e - 3 boomerangs (quivered)
 g - 3 throwing nets {=F}
 o - 2 atropa-tipped darts
 w - 5 datura-tipped darts {=F}
 U - 40 poisoned darts
Armour
 D - a +1 hat (worn)
 I - a +0 buckler (worn)
 O - a +0 troll leather armour (worn)
 Q - a +1 cloak (worn)
Jewellery
 k - the ring of Nishen (right hand) {rPois rF+ rC+ Dex-5 SInv, =R}
   (You acquired it in a bailey)

   [ring of poison resistance]

   Dex:       It affects your dexterity (-5).
   rF:        It protects you from fire.
   rC:        It protects you from cold.
   rPois:     It protects you from poison.
   SInv:      It lets you see invisible.
 l - a +6 ring of strength
 s - the amulet of the Air {Inacc Air Fly rElec RMsl}
   (You found it on level 6 of the Lair of Beasts)

   [amulet of nothing]

   It reduces the accuracy of all your attacks.
   It enhances your air magic.
   rElec:     It insulates you from electricity.
   Fly:       It grants you flight.
   RMsl:      It protects you from missiles.
 v - a ring of ice (left hand)
 y - an amulet of reflection (around neck)
 L - a ring of resist corrosion
Wands
 d - a wand of digging (5)
 f - a wand of flame (16)
 j - a wand of acid (5)
 p - a wand of paralysis (7)
 r - a wand of roots (4)
 P - a wand of polymorph (19)
Scrolls
 m - 3 scrolls of magic mapping
 B - 7 scrolls of blinking
 C - a scroll of poison
 E - a scroll of fear
 F - 4 scrolls of fog
 H - a scroll of enchant armour
 J - a scroll of silence {!r}
 T - 4 scrolls of teleportation
 V - a scroll of vulnerability
Potions
 i - 3 potions of haste {unknown}
 q - 13 potions of curing
 u - 5 potions of mutation {!q}
 z - 4 potions of brilliance
 G - a potion of ambrosia {unknown}
 K - a potion of magic {!q}
 M - 5 potions of might
 N - 4 potions of cancellation {!q}
 R - 4 potions of resistance
 S - 4 potions of berserk rage {unknown}
 W - 6 potions of heal wounds {!q}
 X - 4 potions of flight
 Y - 3 potions of attraction {unknown}
 Z - a potion of lignification {unknown}
Miscellaneous
 c - a condenser vane (inert)
 t - a tin of tremorstones (inert)
 x - a piece from Xom's chessboard (15/15)


   Skills:
 + Level 5.1 Fighting
 + Level 12.3 Short Blades
 + Level 3.1 Armour
 - Level 7.0 Dodging
 + Level 14.3 Stealth
 * Level 3.6 Shields
 + Level 9.6 Spellcasting
 + Level 13.2 Hexes
 - Level 3.0 Translocations
 + Level 4.0 Transmutations
 - Level 7.0 Ice Magic
 - Level 3.0 Earth Magic
 + Level 2.3 Invocations
 + Level 7.9 Evocations


You had 20 spell levels left.
You knew the following spells:

 Your Spells              Type           Power      Damage    Failure   Level
g - Apportation           Tloc           34%        N/A       9%          1
k - Ensorcelled Hibernat  Hex/Ice        100%       N/A       1%          2
m - Sandblast             Erth           34%        2d9       9%          1
s - Confusing Touch       Hex            50%        N/A       1%          3
y - Yara's Violent Unrav  Hex/Tmut       17%        3d8       24%         5

Your spell library contained the following spells:

 Spells                   Type           Power      Damage    Failure   Level
 Freeze                   Ice            100%       1d11      1%          1
 Frozen Ramparts          Ice            90%        1d11      5%          3
 Inner Flame              Hex/Fire       28%        N/A       6%          3
 Metabolic Englaciation   Hex/Ice        28%        N/A       13%         5
 Anguish                  Hex/Necr       14%        N/A       21%         4
 Foxfire                  Conj/Fire      28%        2x1d5     30%         1
 Magic Dart               Conj           28%        1d4       30%         1
 Ice Form                 Ice/Tmut       37%        N/A       32%         4
 Spider Form              Tmut/Pois      14%        N/A       38%         3
 Call Imp                 Summ           7%         N/A       43%         2
 Static Discharge         Conj/Air       7%         3-4/arc   43%         2
 Stone Arrow              Conj/Erth      24%        3d8       45%         3
 Hailstorm                Conj/Ice       28%        3d8       58%         4
 Petrify                  Tmut/Erth      18%        N/A       58%         4
 Summon Ice Beast         Ice/Summ       28%        N/A       58%         4
 Conjure Flame            Conj/Fire      7%         6-21      67%         3
 Mephitic Cloud           Conj/Pois/Air  7%         N/A       67%         3
 Enfeeble                 Hex            25%        N/A       75%         7
 Animate Dead             Necr           7%         N/A       97%         4
 Corpse Rot               Necr/Pois/Air  7%         N/A       97%         4
 Dispel Undead            Necr           7%         3d8       97%         4
 Flame Wave               Conj/Fire      7%         2d5       97%         4
 Sticky Flame             Conj/Fire      7%         2d3       97%         4
 Alistair's Intoxication  Tmut/Pois      9%         N/A       98%         5
 Death Channel            Necr           3%         N/A       100%        6
 Statue Form              Tmut/Erth      12%        N/A       100%        6
 Haunt                    Necr/Summ      3%         N/A       100%        7
 Infestation              Necr           3%         N/A       100%        8


Dungeon Overview and Level Annotations

Branches:
Dungeon (11/15) Zot: 25357  Temple (1/1) D:5 Zot: 5807    Lair (6/6) D:8 Zot: 25614
 Shoals (0/4) Lair:3       Spider (0/4) Lair:4        Slime (0/5) Lair:6
    Orc (0/2) D:10         Bailey (visited)

Altars:
Ashenzari
Cheibriados
Dithmenos
Elyvilon
Fedhas
Gozag
Hepliaklqana
Kikubaaqudgha
Makhleb
Nemelex Xobeh
Okawaru
Qazlal
Ru
Sif Muna
Trog
Uskayaw
Vehumet
Wu Jian
Xom
Yredelemnul
Zin
The Shining One
Jiyva

Shops:
D:4 :   D:6 (::*   D:10 ?


Innate Abilities, Weirdness & Mutations

You are very small and have problems with some larger weapons.
You are too small for most types of armour.
You have supernaturally acute eyesight. (SInv)
You cover ground extremely quickly. (Speed+++)


Message History

A nearby plant withers and dies. x2; The death yak gores you!!
You emit a cloud of dark smoke.
You hit the death yak but do no damage.
The death yak is lightly wounded.
You hit the death yak but do no damage.
The death yak is lightly wounded.
You hit the death yak but do no damage.
The death yak is lightly wounded.
The death yak gores you!
You hit the death yak but do no damage.
The death yak is lightly wounded.
Your shadow hits the death yak but does no damage.
You hit the death yak but do no damage.
The death yak is lightly wounded.
Your shadow hits the death yak but does no damage.
You block the death yak's attack.
You hit the death yak but do no damage.
The death yak is lightly wounded.
Your shadow barely misses the death yak.
You hit the death yak but do no damage.
The death yak is lightly wounded.
You hit the death yak but do no damage.
The death yak is lightly wounded.
The death yak closely misses you.
You hit the death yak but do no damage.
The death yak is lightly wounded.
Your shadow hits the death yak but does no damage.
You hit the death yak but do no damage.
The death yak is lightly wounded.
Your shadow hits the death yak but does no damage.
The death yak completely misses you.
You hit the death yak but do no damage.
The death yak is lightly wounded.
Your shadow hits the death yak but does no damage.
You hit the death yak but do no damage.
The death yak is lightly wounded.
You hit the death yak but do no damage.
The death yak appears confused.
The death yak is lightly wounded.
The death yak gores you!!
* * * LOW HITPOINT WARNING * * *
You hit the death yak.
The death yak is lightly wounded.
You hit the death yak.
The death yak is lightly wounded.
Your shadow hits the death yak with a quick blade.
You strike the helpless death yak from behind!
You impale the death yak!!
The death yak is severely wounded.
The death yak gores you!!
You die...

#..#................[
##..#.#..#.....P.....
#..P.#P.............
#...........###..###
#..P#.##P...# ######
##..§####...#####.P.#
#.#.§###.####..P.....
#...§§##.###.........
##.Y@§§..#......#.#.#
#.......##......#...#
#.......##......#...#
#P......##P.#...#...#
#..P..#.###...#######
#....#.###..#.....##P
##......##........##.
#.#..P....#......###
#######..#.......# #


You could see a death yak (confused).

Vanquished Creatures
  Gastronok (Lair:1)
  An orc warlord (Bailey)
  A fire dragon (Lair:2)
  Fannar (Lair:3)
  2 boulder beetles (D:11)
  An ice dragon (Lair:6)
  3 hydras (Lair:6)
  A catoblepas (Lair:6)
  4 death yaks
  2 two-headed ogres
  Amaemon (D:11)
  3 lindwurms (Lair:6)
  An orc knight (Bailey)
  2 manticores (Lair:6)
  A cyclops (D:11)
  5 black mambas
  13 cane toads
  7 torpor snails (Lair:6)
  An orange demon (D:11)
  3 rime drakes (Lair:6)
  3 komodo dragons
  A tengu conjurer (D:10)
  2 trolls
  7 hornets (Lair:6)
  3 polar bears
  4 tyrant leeches (Lair:6)
  5 blink frogs
  10 slime creatures
  A jumping spider (Lair:4)
  6 wyverns
  3 wraiths
  29 yaks
  A human (D:10)
  3 basilisks
  4 steam dragons
  3 vampire mosquitoes (D:11)
  A warg (D:10)
  Menkaure (D:5)
  Edmund (D:5)
  2 acid dragons (D:10)
  18 water moccasins
  14 orc warriors
  A sky beast (D:8)
  2 black bears
  An ice beast (D:8)
  28 wolves
  4 ogres
  2 centaurs
  A phantom (D:4)
  A kobold brigand (D:8)
  10 bullfrogs
  A gnoll sergeant (D:9)
  2 necrophages
  5 scorpions
  3 wights (D:7)
  An electric eel (Lair:6)
  2 howler monkeys (D:10)
  6 hounds
  A jelly (D:5)
  7 orc priests
  2 gnoll boudas (D:9)
  6 iguanas
  Natasha (thrice) (D:2)
  9 orc wizards
  Terence (D:2)
  4 hell rats (Lair:3)
  5 adders
  21 gnolls
  A shadow imp (D:6)
  5 white imps
  An ufetubus (D:5)
  2 dart slugs
  46 orcs
  6 endoplasms
  6 giant cockroaches
  12 hobgoblins
  17 kobolds
  7 quokkas
  11 ball pythons
  6 bats
  4 frilled lizards
  25 goblins
  7 rats
461 creatures vanquished.

Vanquished Creatures (others)
  2 gnolls (D:9)
  An orc (D:7)
  19 fungi
  44 plants
66 creatures vanquished.

Grand Total: 527 creatures vanquished

Notes
Turn   | Place    | Note
-------+----------+-------------------------------------------
     0 | D:1      | Ge0ff the Spriggan Wanderer began the quest for the Orb.
     0 | D:1      | Ge0ff set off with the following items: a +3 short sword, a
                  | +0 robe, a potion of curing; and the following spell
                  | memorised: Sandblast; and the following spells available to
                  | memorise: Stone Arrow.
     0 | D:1      | Reached XP level 1. HP: 12/12 MP: 5/5
    19 | D:1      | Reached skill level 1 in Stealth
   170 | D:1      | Reached skill level 1 in Earth Magic
   173 | D:1      | Reached XP level 2. HP: 16/16 MP: 1/6
   725 | D:1      | Reached skill level 2 in Stealth
   755 | D:1      | Reached XP level 3. HP: 17/20 MP: 2/8
  1286 | D:1      | Found a faded altar of an unknown god.
  1458 | D:2      | Noticed Natasha
  1506 | D:2      | Killed Natasha
  1507 | D:2      | Reached skill level 3 in Stealth
  1639 | D:2      | Reached XP level 4. HP: 24/24 MP: 9/9
  1648 | D:2      | Noticed Natasha
  1658 | D:2      | Killed Natasha
  1836 | D:2      | Noticed Terence
  1845 | D:2      | Killed Terence
  1846 | D:2      | Reached skill level 4 in Stealth
  2038 | D:2      | Noticed Natasha
  2042 | D:2      | Killed Natasha
  2043 | D:2      | Reached XP level 5. HP: 28/28 MP: 5/10
  3031 | D:3      | Found an opulent altar of Gozag.
  3287 | D:4      | Noticed a phantom
  3298 | D:3      | Reached skill level 5 in Stealth
  3298 | D:3      | Reached XP level 6. HP: 22/33 MP: 11/11
  3674 | D:3      | Learned a level 1 spell: Apportation
  4102 | D:4      | Found Lesmokut's Book Shop.
  4298 | D:4      | Reached skill level 6 in Stealth
  4298 | D:4      | Reached XP level 7. HP: 37/37 MP: 12/12
  4568 | D:5      | Entered Level 5 of the Dungeon
  4581 | D:5      | Found a basalt altar of Yredelemnul.
  5198 | D:5      | Reached skill level 5 in Short Blades
  5585 | D:5      | Reached skill level 5 in Dodging
  5585 | D:5      | Reached skill level 7 in Stealth
  5585 | D:5      | Reached skill level 1 in Hexes
  5669 | D:5      | Reached skill level 1 in Ice Magic
  5669 | D:5      | Noticed Edmund
  5703 | D:5      | Killed Edmund
  5704 | D:5      | Reached XP level 8. HP: 32/42 MP: 14/14
  6102 | D:5      | Noticed Menkaure
  6106 | D:5      | Killed Menkaure
  6368 | D:5      | Found a staircase to the Ecumenical Temple.
  6388 | Temple   | Entered the Ecumenical Temple
  6670 | Temple   | Became a worshipper of Dithmenos the Shadowed
  6750 | D:5      | Found a shimmering altar of Xom.
  6750 | D:5      | Found a shimmering altar of Xom.
  6751 | D:5      | Found a shimmering altar of Xom.
  6752 | D:5      | Found a shimmering altar of Xom.
  7007 | D:5      | Reached skill level 5 in Hexes
  7125 | D:4      | Bought a book of Dreams for 288 gold pieces
  7128 | D:4      | Learned a level 2 spell: Ensorcelled Hibernation
  7253 | D:6      | Found Panaa's Book Boutique.
  7253 | D:6      | Found Xiaf's Assorted Antiques.
  7261 | D:6      | Found Mututsou's Book Boutique.
  7265 | D:6      | Found Zeone's Weapon Boutique.
  7267 | D:6      | Bought a scroll labelled TAUKUJ SEMESH for 23 gold pieces
  7286 | D:6      | Reached skill level 5 in Spellcasting
  7510 | D:6      | Noticed a troll
  7519 | D:6      | Killed a troll
  7520 | D:6      | Reached XP level 9. HP: 45/45 MP: 14/17
  7825 | D:7      | Reached * piety under Dithmenos
  7997 | D:7      | Identified a scroll of acquirement
  7997 | D:7      | Acquired a +6 quick blade
  8559 | D:7      | Reached skill level 5 in Ice Magic
  8821 | D:8      | Reached skill level 8 in Stealth
  8883 | D:8      | Reached XP level 10. HP: 39/49 MP: 10/20
  9004 | D:8      | Found a staircase to the Lair.
  9121 | D:8      | Reached skill level 9 in Stealth
  9238 | D:8      | Reached ** piety under Dithmenos
  9854 | D:9      | Found a sacrificial altar of Ru.
 10619 | D:10     | Entered Level 10 of the Dungeon
 10619 | D:10     | Noticed a two-headed ogre
 10629 | D:10     | Killed a two-headed ogre
 10630 | D:10     | Reached skill level 10 in Stealth
 10662 | D:10     | Found a flagged portal.
 10673 | Bailey   | Entered a bailey
 10756 | Bailey   | Noticed an orc knight
 10860 | Bailey   | Killed an orc knight
 11041 | Bailey   | Reached *** piety under Dithmenos
 11201 | Bailey   | Reached skill level 11 in Stealth
 11276 | Bailey   | Noticed an orc warlord
 11334 | Bailey   | Killed an orc warlord
 11335 | Bailey   | Reached skill level 10 in Hexes
 11335 | Bailey   | Reached XP level 11. HP: 18/53 MP: 10/22
 12180 | D:10     | Found a staircase to the Orcish Mines.
 12416 | D:10     | Learned a level 3 spell: Confusing Touch
 12475 | D:10     | Found Noda's Magic Scroll Boutique.
 12504 | D:10     | Reached **** piety under Dithmenos
 12691 | D:10     | Reached skill level 12 in Stealth
 12831 | D:10     | Acquired the ring of Nishen {rPois rF+ rC+ Dex-5 SInv}
 12862 | D:11     | Reached skill level 10 in Short Blades
 12921 | D:11     | Noticed a two-headed ogre
 12926 | D:11     | Killed a two-headed ogre
 13315 | D:11     | Noticed a boulder beetle
 13342 | D:11     | Killed a boulder beetle
 13673 | D:11     | Reached skill level 1 in Evocations
 13796 | D:11     | Noticed a boulder beetle
 13803 | D:11     | Killed a boulder beetle
 13891 | D:11     | Noticed Amaemon
 13912 | D:11     | Killed Amaemon
 14226 | D:11     | Reached XP level 12. HP: 58/58 MP: 18/23
 14703 | Lair:1   | Entered Level 1 of the Lair of Beasts
 14732 | Lair:1   | Reached skill level 1 in Translocations
 15371 | Lair:1   | Reached ***** piety under Dithmenos
 15598 | Lair:1   | Noticed Gastronok
 15714 | Lair:1   | Killed Gastronok
 15774 | Lair:1   | Reached skill level 5 in Evocations
 16491 | Lair:2   | Reached skill level 1 in Armour
 16631 | Lair:2   | Reached skill level 13 in Stealth
 17061 | Lair:2   | Noticed a fire dragon
 17086 | Lair:2   | Killed a fire dragon
 17746 | Lair:3   | Found a staircase to the Shoals.
 17957 | Lair:3   | Reached XP level 13. HP: 61/61 MP: 21/26
 18106 | Lair:3   | Noticed Fannar
 18121 | Lair:3   | Killed Fannar
 18427 | Lair:4   | Reached skill level 1 in Shields
 18492 | Lair:4   | Learned a level 5 spell: Yara's Violent Unravelling
 18742 | Lair:4   | Found a hole to the Spider Nest.
 19146 | Lair:5   | Reached skill level 1 in Transmutations
 19161 | Lair:6   | Entered Level 6 of the Lair of Beasts
 19488 | Lair:6   | Found a staircase to the Slime Pits.
 19489 | Lair:6   | Found a viscous altar of Jiyva.
 19728 | Lair:6   | Found a runed translucent door.
 19819 | Lair:6   | Reached skill level 1 in Invocations
 19911 | Lair:6   | Reached skill level 14 in Stealth
 20327 | Lair:6   | Reached skill level 5 in Fighting
 20328 | Lair:6   | Identified the +2 leather armour of the Moon Troll {Regen+
                  | rCorr}
 20778 | Lair:6   | Found the amulet of the Air {Inacc Air Fly rElec RMsl}
 20785 | Lair:6   | Reached XP level 14. HP: 22/68 MP: 28/28
 20979 | Lair:6   | Mangled by a death yak

Illustrated notes

Levels and vault maps discovered:
D:1:      minmay_arrival_radiant_lines, layout_basic,
          dilly_ecumenical_altar_fadedgnrine, minmay_heptomino_w4
D:2:      minmay_inner_zag, layout_rooms, uniq_natasha, uniq_terence
D:3:      layout_basic, nicolae_gozag_cash_rules_everything_around_me,
          serial_curves, eino_curves_04, eino_curves_01, eino_curves_01,
          amcnicky_mini_corridor_feature
D:4:      layout_cave_pools, serial_shops, nicolae_shop_trees
D:5:      minmay_razor_zed, layout_basic, xom_redecorated,
          overflow_temple_1_default, minmay_temple_entry_glassed_door,
          uniq_menkaure, uniq_edmund
D:6:      layout_rooms, minmay_shop_grid_forest
D:7:      kennysheep_steamy, layout_basic, lemuel_another_geyser
D:8:      layout_loops_cross, minmay_lair_entry_grove, grunt_decor_resistance
D:9:      layout_roguey, hangedman_ru_absence
D:10:     layout_gridville, erik_orc_4, enter_bailey_2, serial_shops, shop,
          nrook_mini_backslash
D:11:     layout_loops_corners, uniq_amaemon
Temple:   dpeg_five_rooms_temple
Lair:1:   layout_hall_layers, lemuel_fruit_tree, uniq_gastronok
Lair:2:   dragon1_lemuel, layout_gridlike, infiniplex_staircase_pool
Lair:3:   layout_cave_pods, minmay_shoals_entry_centaurs, beast_lair_carwin_1,
          infiniplex_staircase_pool_2, uniq_fannar
Lair:4:   layout_roguey, spider_nest_entry_rubble
Lair:5:   layout_cave_pods, uniq_nessos
Lair:6:   wormcave, layout_gridlike, hangedman_lair_in_review, slime_entry_1

Skill      XL: |  1  2  3  4  5  6  7  8  9 10 11 12 13 14 |
---------------+-------------------------------------------+-----
Stealth        | 1 2 3 4 5 6 7 8 11 12 13 14 | 14.3
Earth Magic    | 1 2 3 |  3.0
Spellcasting   | 3 5 6 7 8 9 |  9.6
Dodging        | 2 3 4 5 7 |  7.0
Short Blades   | 4 5 6 7 9 10 11 12 | 12.3
Fighting       | 4 5 |  5.1
Hexes          | 2 5 8 10 11 12 13 | 13.2
Ice Magic      | 1 4 5 7 |  7.0
Evocations     | 3 6 7 |  7.9
Translocations | 3 |  3.0
Armour         | 1 3 |  3.1
Shields        | 3 |  3.6
Transmutations | 3 4 |  4.0
Invocations    | 2 |  2.3

Action                   |  1- 3 |  4- 6 |  7- 9 | 10-12 | 13-15 || total
-------------------------+-------+-------+-------+-------+-------++-------
Melee: Short sword       |    33 |   147 |   224 |     1 |     8 ||   413
       Punch             |       |     1 |     3 |     3 |       ||     7
       Quick blade       |       |       |    60 |   391 |   204 ||   655
Throw: Stone             |       |     2 |     8 |    60 |     1 ||    71
       Boomerang         |       |       |     2 |       |    16 ||    18
 Cast: Sandblast         |    34 |    32 |     1 |       |       ||    67
       Ensorcelled Hiber |       |       |    28 |   227 |    73 ||   328
       Confusing Touch   |       |       |       |     6 |    11 ||    17
       Apportation       |       |       |       |       |     1 ||     1
Invok: Shadow Step       |       |       |       |       |     1 ||     1
Evoke: Wand              |       |       |       |     5 |     4 ||     9
       Piece from Xom's  |       |       |       |     6 |       ||     6
       Condenser vane    |       |       |       |     1 |     1 ||     2
       Tin of tremorston |       |       |       |       |     2 ||     2
  Use: Potion            |       |     3 |       |     1 |       ||     4
       Scroll            |       |     8 |     6 |    11 |     6 ||    31
 Stab: Sleeping          |     5 |     8 |    30 |   160 |    66 ||   269
       Distracted        |     1 |       |       |     1 |     2 ||     4
       Confused          |       |       |       |     7 |    15 ||    22
       Paralysed         |       |       |       |     3 |       ||     3
Armor: Robe              |     9 |    16 |    13 |       |       ||    38
       Steam dragon scal |       |       |       |    18 |       ||    18
       Troll leather arm |       |       |       |     3 |    14 ||    17
Dodge: Dodged            |    29 |    64 |   152 |   159 |    66 ||   470
Block: Other             |       |    25 |    26 |    51 |       ||   102
       Reflection        |       |       |       |     3 |       ||     3
       Buckler           |       |       |       |     1 |    50 ||    51

Table legend: (Time is in decaauts)
 A = Elapsed time spent in this place.
 B = Non-inter-level travel time spent in this place.
 C = Inter-level travel time spent in this place.
 D = Time resting spent in this place.
 E = Time spent auto-exploring this place.
 F = Levels seen in this place.
 G = Mean time per level.
                   A        B        C        D        E       F      G
               +--------+--------+--------+--------+--------+-----+--------+
         Total |  15928 |  15448 |    480 |   1330 |  10758 |  19 |  838.3 |
       Dungeon |  10394 |  10028 |    366 |    595 |   7481 |  11 |  944.9 |
        Temple |    192 |    154 |     38 |      0 |    146 |   1 |  192.0 |
          Lair |   4386 |   4311 |     75 |    444 |   2801 |   6 |  731.0 |
        Bailey |    955 |    955 |      0 |    289 |    328 |   1 |  955.0 |
               +--------+--------+--------+--------+--------+-----+--------+

Top non-repeatable levels by time:
     D:5: 1664 daAuts
  Lair:6: 1385 daAuts
     D:3: 1310 daAuts
    D:11: 1226 daAuts
     D:1: 1122 daAuts
  Lair:1: 1109 daAuts
    D:10: 1046 daAuts
  Bailey: 955 daAuts
     D:8: 938 daAuts
     D:9: 721 daAuts
  Lair:2: 706 daAuts
  Lair:3: 691 daAuts
     D:4: 679 daAuts
     D:2: 628 daAuts
     D:7: 608 daAuts
